 Dungeon Crawl Stone Soup version 0.27.1-33-g824d729ab1 (webtiles) character file.

Game seed: 1923446163207336382

20 Descartes the Scratcher (level 2, -1/13 HPs)
             Began as a Felid Wanderer on Dec 9, 2021.
             Slain by a kobold (3 damage)
             ... on level 1 of the Dungeon.
             The game lasted 00:02:24 (1064 turns).

Descartes the Scratcher (Felid Wanderer)            Turns: 1064, Time: 00:02:24

Health: -1/13      AC:  1    Str:  9    XL:     2   Next: 58%
Magic:  3/3        EV: 16    Int: 12    God:
Gold:   18         SH:  0    Dex: 15    Spells: 1/1 levels left
                                        Lives:  0   Deaths: 0

rFire    . . .     SeeInvis +     - Unarmed
rCold    . . .     Faith    .   (shield unavailable)
rNeg     . . .     Spirit   .   (armour unavailable)
rPois    .         Reflect  .   (helmet unavailable)
rElec    .         Harm     .   (cloak unavailable)
rCorr    .         Rampage  .   (gloves unavailable)
Will     .....                  (boots unavailable)
Stlth    ++........             (no amulet)
HPRegen  0.04/turn              (no ring)
MPRegen  0.08/turn              (no ring)

@: quick
A: very small, claws 1, fangs 3, see invisible, speed 1, shaggy fur 1, stealthy
paws, no weapons or thrown items, no armour, multi-lived
a: no special abilities


You were on level 1 of the Dungeon.
You visited 1 branch of the dungeon, and saw 1 of its levels.

You collected 18 gold pieces.

Inventory:

Scrolls
 a - a scroll of blinking
 b - a scroll of identify {unknown}
 c - a scroll of teleportation
 e - a scroll of fear {unknown}
Potions
 d - a potion of lignification


   Skills:
 - Level 2.0 Fighting
 + Level 1.9 Dodging
 + Level 3.6 Stealth
 - Level 6.0 Unarmed Combat
 + Level 0.2 Air Magic
 + Level 0.3 Poison Magic


You had one spell level left.
You didn't know any spells.
Your spell library contained the following spells:

 Spells                   Type           Power      Damage    Failure   Level
 Poisonous Vapours        Pois/Air       0%         N/A       41%         2
 Corpse Rot               Necr/Air       N/A        N/A       43%         2
 Freezing Cloud           Conj/Ice/Air   0%         6-21      100%        5


Dungeon Overview and Level Annotations

Branches:
Dungeon (1/15)

Altars:


Innate Abilities, Weirdness & Mutations

You have sharp claws.
You have razor-sharp teeth.
You have supernaturally acute eyesight. (SInv)
You cover ground quickly. (Speed+)
You are covered in fur. (AC +1)
Your paws help you pounce on unaware monsters.
You are incapable of wielding weapons or throwing items.
You cannot wear armour.
You gain extra lives every three experience levels.


Message History

You are too injured to fight recklessly!
You are too injured to fight recklessly!
You are too injured to fight recklessly!
You are too injured to fight recklessly!
You are too injured to fight recklessly!
You are too injured to fight recklessly!
You are too injured to fight recklessly!
You are too injured to fight recklessly!
You are too injured to fight recklessly!
The goblin closely misses you.
You see here a +0 short sword.
You closely miss the goblin. The kobold misses you.
The goblin closely misses you.
You closely miss the goblin. The kobold hits you with a +0 whip.
The goblin closely misses you.
You closely miss the goblin. The kobold closely misses you.
The goblin hits you with a +0 club.
You scratch the goblin. Your claw misses the goblin.
The goblin is heavily wounded.
The kobold completely misses you. The goblin misses you.
You claw the goblin!
You kill the goblin!
The kobold misses you.
You see here a +0 club.
You closely miss the kobold. The kobold hits you with a +0 whip.
You closely miss the kobold. The kobold misses you.
You miss the kobold. You bite the kobold.
You kill the kobold!
You scratch the giant cockroach but do no damage.
The giant cockroach completely misses you.
You claw the giant cockroach!
You kill the giant cockroach!
You barely miss the kobold.
The kobold hits you with a +0 short sword.
* * * LOW HITPOINT WARNING * * *
You scratch the kobold but do no damage.
You bite the kobold.
The kobold is moderately wounded.
The kobold hits you with a +0 short sword.
You die...

≈≈.>≈≈≈≈≈≈≈...# #..#
≈≈<.≈≈≈≈..≈# .# #..#
≈≈≈.≈≈≈.≈≈.##.# #..#
≈≈≈≈...≈≈≈≈..# ###### #..#
≈≈≈≈≈≈≈≈≈≈≈.###.. ..# #..#
≈≈≈≈≈≈≈8≈≈≈#.#.# #.# #..#
≈≈≈≈≈≈≈≈≈≈###.# #.# #..#
≈≈≈≈≈≈≈≈≈## #.#####.##### #..#
≈≈≈≈≈≈≈≈#####.#.@Kl..)).# #..#
.......)......#.###.###.###..#
####.#..######...............#
................#.#.....######
###.....######..#.#####.#
#.......).......# #.#
#.#.....######..# #.#
......†...........# ...
#.###.########>...... ...


You could see a kobold and a frilled lizard.

Vanquished Creatures
  2 ball pythons (D:1)
  A bat (D:1)
  A giant cockroach (D:1)
  5 goblins (D:1)
  A hobgoblin (D:1)
  3 kobolds (D:1)
  A quokka (D:1)
  3 rats (D:1)
17 creatures vanquished.

Notes
Turn   | Place    | Note
-------+----------+-------------------------------------------
     0 | D:1      | Descartes the Felid Wanderer began the quest for the Orb.
     0 | D:1      | Descartes set off with the following items: a scroll of
                  | blinking, a potion of haste, a scroll of teleportation, a
                  | potion of lignification
     0 | D:1      | Reached XP level 1. HP: 9/9 MP: 2/2
   234 | D:1      | Reached skill level 1 in Dodging
   378 | D:1      | Reached XP level 2. HP: 3/13 MP: 3/3
  1064 | D:1      | Slain by a kobold

Illustrated notes

Levels and vault maps discovered:
D:1:      nzn_arrival_water_spiral, layout_loops_ring

Skill      XL: |  1 |
---------------+----+-----
Stealth        | 3 |  3.6
Dodging        | 1 |  1.9
Fighting       | |  2.0
Unarmed Combat | |  6.0
Air Magic      | |  0.2
Poison Magic   | |  0.3

Action                   || total
-------------------------++-------
Melee: Unarmed           ||    58
       Bite              ||     4
  Use: Potion            ||     1
 Stab: Sleeping          ||     1
Armor: Skin              ||     6
Dodge: Dodged            ||    47
